[Event "ETCC Open 2023"]
[Site "Budva"]
[Date "2023.11.13"]
[Round "3.19"]
[White "Nabaty, Tamir"]
[Black "Bok, Benjamin"]
[Result "1-0"]
[ECO "E36"]
[WhiteElo "2632"]
[BlackElo "2621"]
[Annotator "TA"]
[PlyCount "89"]
[EventDate "2023.11.10"]
[EventType "team-tourn"]
[EventCountry "MNE"]
[SourceTitle "playchess.com"]
[Source "ChessBase"]
[SourceQuality "1"]
[WhiteTeam "Israel"]
[BlackTeam "Netherlands"]
[WhiteTeamCountry "ISR"]
[BlackTeamCountry "NED"]
[TimeControl "40/5400+30:1800+30"]

1. d4 Nf6 2. c4 e6 3. Nc3 Bb4 4. Qc2 d5 5. a3 Bxc3+ 6. Qxc3 O-O 7. e3 {[%emt 0:00:09] E36: Nimzo-Indian: Classical: 4...d5 5 a3.} b6 8. Nf3 Ba6 9. b3 {[%emt 0:01:42] The position is equal.} Nbd7 (9... c5 {with more complications.} 10. dxc5 dxc4 11. Bxc4 Ne4) 10. Be2 c5 11. O-O Rc8 12. a4 dxc4 13. bxc4 Qc7 {[%emt 0:00:52] [#]} 14. Ba3 $146 ({Predecessor:} 14. Bb2 Bb7 15. dxc5 Nxc5 16. a5 Rfd8 17. Nd4 Nce4 18. Qb4 Qc5 19. Qxc5 Nxc5 20. f3 bxa5 21. Rxa5 {1-0 Gareyev,T (2598)-Gordon,S (2495) Sitges Sunway op 6th 2019 (6)}) 14... Rfd8 (14... Bb7 {is more complex.} 15. Nd2 Rfd8 16. Rfc1 cxd4 17. exd4 Nf8) 15. Rfd1 (15. Rfc1 {looks sharper.} Ne4 16. Qc2 Bb7 17. a5) 15... h6 16. Rac1 (16. Bb2 {feels hotter.} cxd4 17. Nxd4 Ne4 18. Qc2) 16... cxd4 (16... Ne4 $5 17. Qb3 Bb7 $11) 17. exd4 (17. Nxd4 {keeps more tension.} Nc5 18. Bb4 Bb7 19. Nb5) 17... Qf4 18. Qe3 Qf5 19. h3 (19. Bd3 {is interesting.} Ng4 20. Qd2 Qh5 21. h3) 19... Bb7 20. Be7 Re8 21. Bd6 Bc6 {[%emt 0:04:32] [#]} 22. a5 $1 bxa5 23. Ne5 Nxe5 24. dxe5 Nd7 {[%emt 0:00:21] Black is weak on the dark squares. White stays focused until the end.} ({Black should try} 24... Qe4 $14 25. Qxe4 Nxe4) 25. f4 $16 Qg6 26. g4 {[%emt 0:02:08] Active counter play!} f5 27. Kh2 (27. Qxa7 fxg4 28. Qf2 (28. Bd3 $2 Qh5 $19) 28... gxh3+ 29. Kh2 Bg2 $15) 27... fxg4 28. Bxg4 h5 29. Bf3 Bxf3 30. Qxf3 {[%emt 0:00:05] Hoping for Rg1.} Nb6 (30... Kh7 $16 31. Rg1 Qf7) 31. c5 {[%emt 0:06:13] Rg1 would be deadly.} Nd5 $2 (31... Qf5 {is a better chance.} 32. cxb6 axb6) 32. Rxd5 $18 {[%emt 0:01:12][%mdl 64] Deflection} exd5 {[%emt 0:00:28] [#]} 33. f5 $1 Qh6 34. Rg1 {[%emt 0:00:11] And now f6 would win.} Kh7 (34... Kh8 $142 35. f6 gxf6 36. exf6 Rg8) 35. f6 (35. Qxd5 Qf4+ 36. Kh1 Qxf5 $17) 35... gxf6 36. Qf5+ {[%emt 0:01:31] White mates.} (36. Qxd5 Rg8 37. Qe4+ Kh8 38. exf6 Rxg1 39. Kxg1 Rg8+ 40. Kf2 Qxf6+ 41. Ke3 Qg5+ 42. Ke2 Qg2+ 43. Qxg2 Rxg2+ $19) 36... Kh8 37. Rg6 Qd2+ 38. Rg2 Qh6 {[%emt 0:00:02] [#]} 39. Be7 $1 {[%emt 0:00:52][%mdl 576] Deflection} Rf8 (39... Rc6 40. Bxf6+) 40. Bxf6+ Rxf6 41. exf6 Rf8 42. f7 (42. Qxd5 Qf4+ 43. Rg3 Qf2+ 44. Qg2 (44. Rg2 Qf4+ 45. Rg3 Qf2+ 46. Qg2 Rxf6 $11) 44... Qxf6 $11) 42... a4 43. c6 (43. Qxd5 Qf4+ 44. Kh1 (44. Kg1 Qxf7 45. Qd4+ Qf6 $11) 44... Qf1+ 45. Kh2 Qf4+ 46. Kh1 (46. Kg1 Qxf7 47. Qd4+ Qf6 $11) 46... Qf1+ 47. Kh2 Qf4+ $11) 43... a3 44. c7 ({Worse is} 44. Qxd5 Qf4+ 45. Kg1 Qc1+ 46. Kf2 Qf4+ 47. Ke2 Qxf7 48. Qxf7 Rxf7 $11) 44... a2 45. Rg8+ {[%emt 0:00:00][%mdl 64] Decoy, Promotion. Magnificent play by Nabaty!   Weighted Error Value: White=0.06 (flawless) /Black=0.37} ({Inferior is} 45. c8=B a1=Q 46. Rg8+ (46. Be6 $2 Qag7 $19) 46... Rxg8 47. fxg8=Q+ Kxg8 $17) 1-0

[Event "ETCC Open 2023"]
[Site "Budva"]
[Date "2023.11.13"]
[Round "3.20"]
[White "Vrolijk, Liam"]
[Black "Postny, Evgeny"]
[Result "1/2-1/2"]
[ECO "A07"]
[WhiteElo "2569"]
[BlackElo "2577"]
[Annotator "TA"]
[PlyCount "133"]
[EventDate "2023.11.10"]
[EventType "team-tourn"]
[EventCountry "MNE"]
[SourceTitle "playchess.com"]
[Source "ChessBase"]
[SourceQuality "1"]
[WhiteTeam "Netherlands"]
[BlackTeam "Israel"]
[WhiteTeamCountry "NED"]
[BlackTeamCountry "ISR"]
[TimeControl "40/5400+30:1800+30"]

1. Nf3 d5 2. g3 c6 3. Bg2 Bg4 4. h3 Bxf3 5. Bxf3 Nf6 6. d4 {[%emt 0:00:58] A07: Réti Opening: New York and Capablanca Systems.} Nbd7 7. O-O e5 {[%emt 0:00:32] [#]} 8. c4 $1 dxc4 9. Nd2 exd4 10. Nxc4 Nb6 11. Qb3 Be7 {[%emt 0:04:46] [#]} 12. Rd1 $146 ({Predecessor:} 12. a4 O-O 13. a5 Nxc4 14. Qxc4 Qd7 15. a6 b5 16. Qxc6 Qxh3 17. Bg5 Qf5 18. Bxf6 Bxf6 {½-½ Lysyj,I (2630)-Pershin,D (2392) RUS-chT 25th 2018 (6.6)}) 12... O-O 13. Kg2 Nxc4 14. Qxc4 Qb6 15. Rd3 Rad8 {[%emt 0:00:00] The position is equal.} 16. Rb3 $1 Qc7 17. Bf4 Bd6 18. Qxd4 Bxf4 19. Qxf4 Qxf4 20. gxf4 Rd7 21. Rc1 Re8 22. a4 g6 23. Rb4 Ree7 24. Rbc4 Ne8 25. e3 Nc7 26. R1c2 Kg7 27. Rb4 Ne6 28. Re4 f5 29. Rec4 Nc7 30. Rb4 Ne8 31. Rbc4 Nc7 32. Kg3 Rd6 33. Be2 Rdd7 34. Kg2 Rd6 35. Rb4 Ne8 36. Kf1 Nf6 37. Bf3 Red7 38. Ke2 Ne8 39. Ke1 Kf6 40. Be2 Kg7 41. Rbc4 Nc7 42. Rc5 Ne6 43. R5c3 Nc7 44. b4 a6 45. Rb3 Kf6 46. Rb1 Ke7 47. h4 Kf6 48. Rcb2 Nd5 49. Rc1 Nc7 50. Rcc2 Ke7 51. Kf1 Kf6 52. Kg2 Ke7 53. h5 Kf6 54. b5 cxb5 55. axb5 a5 56. hxg6 hxg6 57. b6 Nd5 58. Rc5 Rxb6 ({Much less strong is} 58... Nxb6 59. Rxa5 Nc8 60. Bf3 $16) 59. Rxb6+ Nxb6 60. Rxa5 $11 {[%emt 0:00:06][%mdl 4096] Endgame KRB-KRN} Nc8 61. Rb5 Nd6 62. Rb4 Rc7 63. Bf3 b5 64. Be2 Rc5 65. Bd3 Ke6 66. Kf3 Kf6 67. Ke2 {[%emt 0:00:15] An interesting draw.   Weighted Error Value: White=0.03 (flawless) /Black=0.03 (flawless)} 1/2-1/2

[Event "ETCC Open 2023"]
[Site "Budva"]
[Date "2023.11.13"]
[Round "3.21"]
[White "Navara, David"]
[Black "Rapport, Richard"]
[Result "1/2-1/2"]
[ECO "E94"]
[WhiteElo "2695"]
[BlackElo "2748"]
[Annotator "TA"]
[PlyCount "91"]
[EventDate "2023.11.10"]
[EventType "team-tourn"]
[EventCountry "MNE"]
[SourceTitle "playchess.com"]
[Source "ChessBase"]
[SourceQuality "1"]
[WhiteTeam "Czech Republic"]
[BlackTeam "Romania"]
[WhiteTeamCountry "CZE"]
[BlackTeamCountry "ROU"]
[TimeControl "40/5400+30:1800+30"]

1. d4 Nf6 2. c4 g6 3. Nc3 Bg7 4. e4 d6 5. Nf3 O-O 6. Be2 e5 7. O-O exd4 8. Nxd4 Re8 9. f3 c6 10. Nc2 Na6 11. Kh1 h6 {[%emt 0:00:13] E94: King's Indian: Classical: 6 Be2 e5 7 0-0: Various Black 7th moves.} (11... Nc7 $1 $11 {remains equal.}) 12. Bf4 $16 d5 13. cxd5 cxd5 {[%emt 0:00:08] [#] White is slightly better.} 14. Nxd5 $146 ({White should play} 14. exd5 $14 Nh5 15. Bc1) ({Predecessor:} 14. Bb5 Bd7 15. Bxd7 Qxd7 16. exd5 Rad8 17. d6 Nh5 18. Bg3 Nxg3+ 19. hxg3 Re6 20. Re1 Rxd6 {0-1 Averjanov,A (2399)-Chigaev,M (2628) Titled Tuesday intern op 09th May Late blitz 2023 (5)}) 14... Nxd5 $11 15. exd5 Bd7 16. Qd2 Qf6 17. Bxa6 (17. Bxh6 $2 {loses.} Bxh6 18. Qd4 Bg7 19. Qxf6 Bxf6 20. Bxa6 bxa6 $19) 17... Qxa6 18. Ne3 (18. Bxh6 $2 {is the wrong capture.} Re2 19. Qd1 Bxh6 $19) 18... Rac8 19. d6 Qb5 20. a4 (20. Nd5 {with more complications.} Re2 21. a4 Qc4 22. b3) 20... Qxb2 21. Qxb2 Bxb2 {[%emt 0:00:03] This pair of bishops is nice.} 22. Rab1 Be5 ({Much less strong is} 22... Bd4 23. Rxb7 Rcd8 24. Nd5 $16) 23. Bxe5 Rxe5 24. Rxb7 Rxe3 25. Rxd7 {[%emt 0:00:06][%mdl 4096] Endgame KRR-KRR} Rd3 26. h3 Rc6 27. Rxa7 {[%emt 0:00:15] Black must now prevent d7.} Rcxd6 28. Ra1 {[%emt 0:02:33] Hoping for a5.} Rd1+ 29. Rxd1 Rxd1+ $14 {[%emt 0:00:02] KR-KR} 30. Kh2 {[%emt 0:00:06] Threatens to win with h4.} Ra1 31. h4 {[%emt 0:00:58] aiming for a5. White is more active.} h5 {[%emt 0:00:50] [#]} (31... Ra2 $16 32. Kh3 Kg7) 32. Kg3 $2 (32. g4 $1 $18) 32... Ra2 $1 $11 {[%emt 0:00:20] The position is equal.} 33. a5 Kg7 34. Ra6 Ra4 35. Ra8 Kf6 36. a6 Ra2 37. Ra7 Ra4 38. f4 Ra3+ 39. Kf2 Ke6 40. Ke2 f6 41. Kf2 Kf5 42. g3 Kg4 43. Rg7 Ra2+ 44. Ke3 Ra3+ 45. Kf2 Ra2+ 46. Ke3 {[%emt 0:00:00] Weighted Error Value: White=0.14 (very precise) /Black=0.11 (very precise)} 1/2-1/2

[Event "ETCC Open 2023"]
[Site "Budva"]
[Date "2023.11.13"]
[Round "3.22"]
[White "Deac, Bogdan-Daniel"]
[Black "Nguyen, Thai Dai Van"]
[Result "1/2-1/2"]
[ECO "C50"]
[WhiteElo "2700"]
[BlackElo "2624"]
[Annotator "TA"]
[PlyCount "84"]
[EventDate "2023.11.10"]
[EventType "team-tourn"]
[EventCountry "MNE"]
[SourceTitle "playchess.com"]
[Source "ChessBase"]
[SourceQuality "1"]
[WhiteTeam "Romania"]
[BlackTeam "Czech Republic"]
[WhiteTeamCountry "ROU"]
[BlackTeamCountry "CZE"]
[TimeControl "40/5400+30:1800+30"]

1. e4 e5 2. Nf3 Nc6 3. Bc4 Bc5 4. d3 Nf6 5. a4 d6 6. O-O a6 {[%emt 0:11:32] 6...h6 is the recent fashion. C50: Hungarian Defence and Giuoco Pianissimo.} 7. Be3 Bxe3 8. fxe3 O-O {[%emt 0:00:31] [#]} 9. Nbd2 $146 ({Predecessor:} 9. Qe1 Ne7 10. Nh4 Be6 11. Nd2 Qd7 12. Qg3 Bxc4 13. Nxc4 Qg4 14. Qe1 Qe6 15. b3 {½-½ Sevian,S (2698)-Lazavik,D (2553) Aimchess Rapid Div 2 W 2023 (6.2)}) 9... Ne7 10. Qe1 Ng6 11. h3 c6 12. a5 d5 13. Bb3 dxe4 14. Nxe4 Nxe4 15. dxe4 Qe7 {[%emt 0:01:01] Prevents Qb4.} 16. Rd1 h6 17. Qd2 {[%emt 0:18:05] Qd6 is the strong threat.} Be6 18. Bxe6 Qxe6 19. Qb4 Rab8 20. Rd2 Rfe8 21. Rfd1 Nf8 {[%emt 0:02:35] Prevents Rd7.} 22. Rd6 Qe7 23. Qc3 Rbc8 24. R1d3 Rc7 25. Qd2 Rcc8 26. Kh2 Qc7 27. Nh4 g6 {[%emt 0:02:20] Prevents Nf5.} 28. Nf3 Re7 29. Qb4 Re6 30. Rxe6 Nxe6 31. Qc3 (31. Qd6 {with more complications.} Nd4 32. Qxc7 Nxf3+ 33. Kg3) 31... Re8 {[%emt 0:02:57] The position is equal.} 32. Kg1 Nf8 33. Nd2 Nd7 34. Nc4 Re6 35. Nd2 Nf6 36. Qc5 Nd7 37. Qc4 Kg7 38. Nb3 Re7 39. Nc5 Nxc5 40. Qxc5 Re6 41. b4 Qe7 42. Qxe7 Rxe7 {[%emt 0:00:08] Weighted Error Value: White=0.04 (flawless) /Black=0.04 (flawless)} 1/2-1/2

[Event "ETCC Open 2023"]
[Site "Budva"]
[Date "2023.11.13"]
[Round "3.23"]
[White "Zilka, Stepan"]
[Black "Shevchenko, Kirill"]
[Result "1/2-1/2"]
[ECO "C17"]
[WhiteElo "2609"]
[BlackElo "2665"]
[Annotator "TA"]
[PlyCount "125"]
[EventDate "2023.11.10"]
[EventType "team-tourn"]
[EventCountry "MNE"]
[SourceTitle "playchess.com"]
[Source "ChessBase"]
[SourceQuality "1"]
[WhiteTeam "Czech Republic"]
[BlackTeam "Romania"]
[WhiteTeamCountry "CZE"]
[BlackTeamCountry "ROU"]
[TimeControl "40/5400+30:1800+30"]

1. e4 e6 2. d4 d5 3. Nc3 Bb4 4. e5 c5 5. Bd2 Ne7 6. a3 Bxc3 7. Bxc3 Nbc6 {[%emt 0:02:59] C17: French: 3 Nc3 Bb4 4 e5 c5 sidelines.} 8. Nf3 b6 9. Bb5 a6 10. Bxc6+ Nxc6 11. O-O {[%emt 0:00:57] [#]} a5 $146 ({Predecessor:} 11... O-O 12. Qd3 a5 13. Qe3 Ba6 14. Rfe1 Qe7 15. Bd2 cxd4 16. Nxd4 Rfc8 17. Nf3 Qc5 {0-1 Kasperski,M (1755)-Gertner,H (1965) IECC TH-M-2586 2006}) 12. Qd2 Qe7 13. Rfe1 Ba6 14. h4 h6 15. h5 Qc7 16. b4 cxd4 17. Nxd4 Nxd4 18. Bxd4 Bc4 {[%emt 0:00:09] Black is weak on the dark squares} (18... O-O $11) 19. a4 $16 axb4 20. Qxb4 Ra6 (20... Qe7 $16 21. Qxb6 O-O) 21. Reb1 $1 $18 Kd7 22. Ra3 ({Don't take} 22. Bxb6 $6 Qxe5 23. a5 Rc8) 22... Rha8 $2 (22... Kc6 23. Rf3 Kb7) 23. Rf3 ({Weaker is} 23. Bxb6 Qxe5 24. a5 Qd6 $18) 23... Ke8 24. a5 (24. Bxb6 $142 Qxe5 25. a5 Qxh5 26. Re1) 24... bxa5 $2 (24... b5 25. Bb6 Qe7) 25. Qb7 $2 (25. Qa3 $1 $18) 25... Rc8 $14 26. Qxc7 Rxc7 {[%emt 0:00:01] [#]} 27. Rb8+ Ke7 28. Bb6 {[%emt 0:00:30] White has more active pieces.} Rxb6 29. Rxb6 {[%emt 0:00:04][%mdl 4096] Endgame KRR-KRB} Ra7 (29... Be2 $14 30. Ra3 Bxh5) 30. Rg3 Be2 31. Rgb3 {[%emt 0:03:53] Threatens to win with Rb7+.} (31. Rxg7 {with more complications.} a4 32. Rg8 a3 33. Rgb8) 31... Bxh5 32. Rb7+ Rxb7 33. Rxb7+ $16 {[%emt 0:00:05] KR-KB} Kf8 34. Ra7 {[%emt 0:04:11][%mdl 1024] White has strong compensation.} Bd1 35. c3 a4 36. Ra8+ Ke7 37. Kf1 f6 (37... Bb3 $14) 38. Ra7+ Kf8 39. f4 (39. exf6 $16 gxf6 40. Ke1) 39... fxe5 $11 40. fxe5 Bb3 41. Kf2 d4 42. cxd4 $16 Kg8 43. g4 Kh7 44. Ke1 Kg6 45. Kd2 Kh7 $2 (45... Bd5 46. Rxa4 Kg5) 46. Kc3 $18 Kg6 47. Re7 Bd5 48. Kb4 Bb3 49. Ra7 Kh7 50. Kc5 Kg6 {[%emt 0:00:05] [#]} 51. Kd6 $2 ({Only move:} 51. Kb5 $1 $18) 51... Kg5 $11 {[%emt 0:01:22] The position is equal.} 52. Rxg7+ Kf4 53. Rg6 (53. Ra7 {simplifies} Kxg4 54. d5 Bxd5 55. Rxa4+ Kg5 56. Ra5) 53... a3 {[%emt 0:00:18] White must now prevent ...a2.} 54. Rxh6 a2 55. Rh1 Kxg4 56. Kc5 Kf4 57. Kb4 Bd5 58. Re1 Kf3 59. Kc3 Kf2 60. Kd2 Bc4 61. Rc1 Bd5 62. Kc3 Ke3 63. Ra1 {[%emt 0:03:00] White really could win this.   Weighted Error Value: White=0.27 (precise) /Black=0.25 (precise)} 1/2-1/2

[Event "ETCC Open 2023"]
[Site "Budva"]
[Date "2023.11.13"]
[Round "3.24"]
[White "Lupulescu, Constantin"]
[Black "Stalmach, Richard"]
[Result "1-0"]
[ECO "D35"]
[WhiteElo "2582"]
[BlackElo "2420"]
[Annotator "TA"]
[PlyCount "113"]
[EventDate "2023.11.10"]
[EventType "team-tourn"]
[EventCountry "MNE"]
[SourceTitle "playchess.com"]
[Source "ChessBase"]
[SourceQuality "1"]
[WhiteTeam "Romania"]
[BlackTeam "Czech Republic"]
[WhiteTeamCountry "ROU"]
[BlackTeamCountry "CZE"]
[TimeControl "40/5400+30:1800+30"]

1. d4 Nf6 2. c4 e6 3. Nc3 d5 4. cxd5 exd5 5. Bg5 c6 6. e3 h6 7. Bh4 Be7 8. Bd3 O-O 9. Nge2 {[%emt 0:01:02] D35: Queen's Gambit Declined: Exchange Variation.} Nbd7 10. f3 Re8 11. O-O {[%emt 0:03:16] The position is equal.} b5 12. Bf2 a5 13. Ng3 Nb6 14. Rc1 a4 {[%emt 0:05:33] [#]} 15. b3 $146 ({Predecessor:} 15. Bb1 Be6 16. h3 Nfd7 17. Nce2 Rc8 18. Nf4 Nf8 19. Nxe6 Nxe6 20. Qd3 Nf8 21. Nf5 {1-0 Steingrimsson,H (2504)-Hakobyan,A (2620) Chesterfield SPICE Cup op 2022 (3)}) 15... Bd7 16. h3 h5 17. e4 {[%emt 0:16:09] And now e5 would win.} h4 18. Nge2 axb3 19. axb3 Nh5 20. Qd2 (20. e5 $14) 20... Ra3 21. Bc2 dxe4 22. fxe4 b4 23. Nd1 $1 Be6 24. Rb1 Ra2 (24... c5 $5) 25. Rb2 Ra5 26. Qd3 g6 27. Qf3 Bg5 28. Ne3 Qd7 (28... c5 $142) 29. Rd1 (29. Bb1 $5) 29... Rd8 30. Nf1 Qc7 (30... Qe7 $142) 31. Be3 $11 Bxe3+ (31... Re8 {looks sharper.} 32. Nd2 Nd7 33. Bxg5 Rxg5 34. Qe3 Ng3) 32. Qxe3 Re8 33. Qf2 Qd8 34. Nh2 Bc8 35. Bd3 (35. Rf1 $14 Re7 36. Nf3 (36. Qxh4 Ba6 $16)) 35... Ng3 $1 36. e5 (36. Qf4 {with more complications.} Ra1 37. Rxa1 Nxe2+ 38. Rxe2 Qxd4+ 39. Rf2) 36... Nxe2+ ({Black should play} 36... Bf5 $11 37. Bxf5 Nxf5) 37. Bxe2 $14 Nd5 38. Nf3 {[%emt 0:00:19] Wards off Qg5} Nc3 39. Re1 c5 $2 40. dxc5 $2 (40. Bc4 $18) 40... Qd5 $2 (40... Qe7 $14) 41. Qxh4 $18 {[%emt 0:06:46] [#] Black must now prevent Bc4.} Qxc5+ 42. Kh1 Be6 (42... Nxe2 $142 43. Rbxe2 Kg7 44. Qf6+ Kg8) 43. Bc4 (43. Bd3 $142 Qf8 44. Ng5) 43... Bxc4 44. bxc4 Ra7 $2 (44... Qe7 {is tougher.}) 45. Ng5 $2 (45. Rd2 $18 {Threatens to win with Ng5.} Qf8 46. c5) 45... f6 $16 46. Qh6 $40 {[%emt 0:00:33][%mdl 128] White is up to no good.} Rg7 {[%emt 0:01:00][%mdl 8192] [#]} (46... Qf8 $14 47. Qxf8+ (47. Qxg6+ Rg7 $17) 47... Kxf8) 47. Nh7 $1 $18 {[%emt 0:00:40][%cal Bg5h7,Bh7f6,Bf6g4][%mdl 608] Decoy} Rxe5 48. Nxf6+ Kf7 49. Rxe5 Qxe5 50. Ng4 Qe1+ 51. Kh2 {[%emt 0:00:03] Qf4+ is the strong threat.} Qe7 52. Rf2+ Ke6 53. Qe3+ Kd7 54. Qa7+ Kd8 55. Qb8+ {[%emt 0:01:33] White mates.} Kd7 56. Qb7+ Kd8 57. Rd2+ {[%emt 0:00:22] An entertaining game by Lupulescu.   Weighted Error Value: White=0.35/Black=0.47} 1-0

[Event "ETCC Open 2023"]
[Site "Budva"]
[Date "2023.11.13"]
[Round "3.25"]
[White "Vitiugov, Nikita"]
[Black "Saric, Ivan"]
[Result "1/2-1/2"]
[ECO "D50"]
[WhiteElo "2712"]
[BlackElo "2659"]
[Annotator "TA"]
[PlyCount "48"]
[EventDate "2023.11.10"]
[EventType "team-tourn"]
[EventCountry "MNE"]
[SourceTitle "playchess.com"]
[Source "ChessBase"]
[SourceQuality "1"]
[WhiteTeam "England"]
[BlackTeam "Croatia"]
[WhiteTeamCountry "ENG"]
[BlackTeamCountry "CRO"]
[TimeControl "40/5400+30:1800+30"]

1. d4 Nf6 2. c4 e6 3. Nf3 d5 4. Nc3 c5 5. cxd5 cxd4 6. Qxd4 exd5 7. Bg5 Be7 8. e3 {[%emt 0:00:42] The position is equal.} O-O {[%emt 0:03:00] D50: Queen's Gambit Declined: Dutch-Peruvian Gambit.} 9. Be2 h6 10. Bh4 Nc6 11. Qd3 Qb6 12. O-O Rd8 ({But not} 12... Qxb2 13. Rab1 (13. Nxd5 Nxd5 14. Rfb1 Qc3 $11) 13... Qa3 14. Bxf6 (14. Nxd5 Nxd5 15. Qxd5 Bxh4 $11) 14... Bxf6 15. Nxd5 $16) 13. Rfd1 Be6 14. h3 a6 15. a3 {[%emt 0:05:24] [#]} g5 $146 (15... Qxb2 $2 16. Rdb1 $18) ({Predecessor:} 15... Rac8 16. b4 Qa7 17. Rac1 b5 18. Bf1 Qb6 19. Ne2 g5 20. Bg3 Ne4 21. Bh2 a5 {½-½ Wojtaszek,R (2696)-Moranda,W (2630) POL-ch Lotto 79th 2022 (3.1)}) 16. Bg3 Ne4 $1 17. Nxe4 dxe4 18. Qxe4 {[%emt 0:00:06] [#] aiming for Bd3.} Qxb2 ({Much less strong is} 18... Rxd1+ 19. Rxd1 Qxb2 20. Bd3 $16) 19. Bd3 Qg7 {[%emt 0:00:07] Dodges Qh7+} 20. Rab1 Bd5 21. Qg4 Be6 22. Qe4 Bd5 23. Qg4 Be6 24. Qe4 Bd5 {[%emt 1:10:48] A rather calm draw.   Weighted Error Value: White=0.01 (flawless) /Black=0.00 (flawless)} 1/2-1/2

[Event "ETCC Open 2023"]
[Site "Budva"]
[Date "2023.11.13"]
[Round "3.26"]
[White "Brkic, Ante"]
[Black "Howell, David W L"]
[Result "1/2-1/2"]
[ECO "C65"]
[WhiteElo "2622"]
[BlackElo "2676"]
[Annotator "TA"]
[PlyCount "113"]
[EventDate "2023.11.10"]
[EventType "team-tourn"]
[EventCountry "MNE"]
[SourceTitle "playchess.com"]
[Source "ChessBase"]
[SourceQuality "1"]
[WhiteTeam "Croatia"]
[BlackTeam "England"]
[WhiteTeamCountry "CRO"]
[BlackTeamCountry "ENG"]
[TimeControl "40/5400+30:1800+30"]

1. e4 e5 2. Nf3 Nc6 3. Bb5 Nf6 4. d3 Bc5 5. Ba4 O-O 6. O-O {[%emt 0:01:16] C65: Ruy Lopez: Berlin Defence (3...Nf6), unusual lines and 4 0-0 Bc5.} d6 7. c3 Bb6 8. Nbd2 {[%emt 0:00:19] 8.h3 is the fancy move.} Ne7 9. Nc4 Ng6 10. Bc2 Re8 11. Re1 Be6 12. Nxb6 axb6 13. h3 b5 14. a3 h6 15. d4 c6 16. Be3 Qc7 17. Nd2 Rad8 {[%emt 0:02:49] [#]} 18. Qe2 $146 ({Predecessor:} 18. a4 bxa4 19. Rxa4 Ra8 20. Qa1 Rxa4 21. Qxa4 d5 22. dxe5 Qxe5 23. exd5 Qxd5 24. Qb4 Qd7 25. Bxg6 {½-½ Smirin,I (2663)-Quesada Perez,Y (2636) Washington op 2nd 2013 (6)}) 18... d5 19. dxe5 Qxe5 20. Bd4 Qg5 21. Nf3 Qh5 22. Bxf6 gxf6 23. exd5 Rxd5 24. Nd4 {[%emt 0:09:46] [#] Black must now prevent Qxh5.} Qg5 25. Bxg6 Qxg6 26. Qf3 Re5 {[%emt 0:05:40] Threatens to win with ...Bd5.} 27. Rxe5 fxe5 28. Nxe6 Rxe6 $14 {[%emt 0:00:27][%mdl 4096] Endgame KQR-KQR} 29. Re1 Kg7 30. Qe3 Qg5 31. Qd3 e4 32. Qd4+ Qf6 (32... Kg8 {is more complex.} 33. Re3 Qf4 34. Rg3+ Kf8) 33. Qb6 Qe7 34. Qd4+ Qf6 35. Qa7 Qe7 36. Re3 Rd6 37. Qb8 Kh7 38. Qc8 (38. Rg3 {keeps more tension.} Rd8 39. Qf4 Rd1+ 40. Kh2) 38... Rd5 {[%emt 0:01:09] Repels Qf5+. The position is equal.} 39. Qb8 Rd3 40. Qf4 Rxe3 41. Qf5+ Kh8 42. fxe3 $11 {[%emt 0:00:09] KQ-KQ} Kg7 43. Kf2 Qh4+ 44. Ke2 Qe7 45. Qg4+ Kh7 46. Qf5+ Kg7 47. Kf2 Qh4+ 48. g3 Qd8 {[%emt 0:06:44] [#] ...Qd2+ would be deadly.} 49. Qg4+ Kh8 50. Qxe4 {[%emt 0:00:32] Strongly threatening Qd4+.} Qd2+ 51. Kf3 {[%emt 0:00:05] aiming for Qd4+.} Qxb2 52. Qd4+ Kg8 53. Qg4+ Kh7 54. Qe4+ Kg8 55. Qg4+ Kh7 56. Qe4+ Kg8 57. Qg4+ {[%emt 0:00:04] Weighted Error Value: White=0.02 (flawless) /Black=0.02 (flawless)} 1/2-1/2